 Dungeon Crawl Stone Soup version 0.27.1-1-g398f81649c (webtiles) character file.

Game seed: 9607293900559503165

477 ZARRMARR the Sneak (level 7, -2/49 HPs)
             Began as an Octopode Monk on Sept 10, 2021.
             Slain by Pikel (7 damage)
             ... on level 4 of the Dungeon.
             The game lasted 00:05:47 (3948 turns).

ZARRMARR the Sneak (Octopode Monk)                  Turns: 3948, Time: 00:05:47

Health: -2/49      AC:  1    Str: 10    XL:     7   Next: 11%
Magic:  7/7        EV: 14    Int: 15    God:
Gold:   133        SH:  0    Dex: 14    Spells: 6/6 levels left

rFire    + . .     SeeInvis .   a - +0 short sword
rCold    + . .     Faith    .   (no shield)
rNeg     . . .     Spirit   .   (helmet restricted)
rPois    +         Reflect  .   (no amulet)
rElec    +         Harm     .   (no ring)
rCorr    +         Rampage  .   (no ring)
Will     .....                  (no ring)
Stlth    ++++......             (no ring)
HPRegen  0.16/turn              (no ring)
MPRegen  0.10/turn              (no ring)
                                (no ring)
                                (no ring)

@: resistant
A: almost no armour, amphibious, 8 rings, camouflage 1, gelatinous body 1,
(nimble swimmer 1), tentacles
a: no special abilities


You were on level 4 of the Dungeon.
You visited 1 branch of the dungeon, and saw 4 of its levels.

You collected 133 gold pieces.

Inventory:

Hand Weapons
 a - a +0 short sword (weapon)
Missiles
 b - 5 boomerangs (quivered)
Armour
 c - a +0 buckler
Jewellery
 k - an amulet of magic regeneration
Wands
 j - a wand of polymorph (11)
Scrolls
 e - a scroll of teleportation
 i - a scroll of holy word
Potions
 d - a potion of curing
 f - a potion of brilliance {unknown}
 g - a potion of resistance
 h - a potion of attraction {unknown}
 l - a potion of haste {unknown}


   Skills:
 + Level 4.6 Fighting
 + Level 4.6 Short Blades
 + Level 4.6 Dodging
 + Level 5.7 Stealth


You had 6 spell levels left.
You didn't know any spells.
Your spell library contained the following spells:

 Spells                   Type           Power      Damage    Failure   Level
 Sting                    Tmut/Pois      0%         1d3       26%         1
 Poisonous Vapours        Pois/Air       0%         N/A       38%         2
 Inner Flame              Hex/Fire       0%         N/A       63%         3
 Cause Fear               Hex            0%         N/A       95%         4
 Olgreb's Toxic Radiance  Pois           0%         N/A       95%         4
 Discord                  Hex            0%         N/A       100%        8


Dungeon Overview and Level Annotations

Branches:
Dungeon (4/15)
 Temple: D:4-7

Altars:

Shops:
D:1 =

Annotations:
D:4 Pikel


Innate Abilities, Weirdness & Mutations

You cannot wear most types of armour.
You are amphibious.
You can wear up to eight rings at the same time.
Your skin changes colour to match your surroundings (Stealth+).
Your rubbery body absorbs attacks. (AC +1, EV +1)
((You are camouflaged near water. (Stealth+)))
You have tentacles for arms and can constrict up to eight enemies at once.


Message History

You are too injured to fight recklessly!
You are too injured to fight recklessly!
You are too injured to fight recklessly!
You are too injured to fight recklessly!
You are too injured to fight recklessly!
You are too injured to fight recklessly!
You are too injured to fight recklessly!
You are too injured to fight recklessly!
You are too injured to fight recklessly!
You are too injured to fight recklessly!
You are too injured to fight recklessly!
You are too injured to fight recklessly!
You are too injured to fight recklessly!
You are too injured to fight recklessly!
You are too injured to fight recklessly!
You are too injured to fight recklessly!
You are too injured to fight recklessly!
You are too injured to fight recklessly!
You are too injured to fight recklessly!
You are too injured to fight recklessly!
You are too injured to fight recklessly!
Unknown command.
You hit Pikel.
Pikel is lightly wounded.
You constrict Pikel.
Pikel hits you with a +0 whip of freezing!
* * * LOW HITPOINT WARNING * * *
Pikel freezes you.
* * * LOW HITPOINT WARNING * * *
It was a potion of curing.
You feel better.
You constrict Pikel, but do no damage.
Pikel hits you with a +0 whip of freezing.
* * * LOW HITPOINT WARNING * * *
Pikel freezes you.
* * * LOW HITPOINT WARNING * * *
It was a potion of resistance.
You feel protected.
You constrict Pikel, but do no damage.
Pikel hits you with a +0 whip of freezing!
You die...

#.........#
#.####.#.## #.#
#.#(# # #.#
#.#.##.## #.#
#.......# #.#
#.......# #.#
#.......# #.#
#.####### #.#
#@# #.# #K# #.#
#5# #.####5#
#....#5#
####.#.# ##.
#.#.. ...
#.###########..
#...........#.#


You could see Pikel and 3 lemures.

Vanquished Creatures
  Sigmund (D:3)
  An ogre (D:4)
  A lemure (D:4)
  A water moccasin skeleton (D:3)
  Natasha (thrice) (D:3)
  Robin (D:3)
  2 adders (D:3)
  3 worms
  4 dart slugs
  8 endoplasms
  3 giant cockroaches
  20 goblins
  4 hobgoblins
  9 kobolds
  A quokka (D:1)
  4 ball pythons
  6 bats
  4 frilled lizards
  2 rats (D:3)
78 creatures vanquished.

Notes
Turn   | Place    | Note
-------+----------+-------------------------------------------
     0 | D:1      | ZARRMARR the Octopode Monk began the quest for the Orb.
     0 | D:1      | Reached XP level 1. HP: 16/16 MP: 1/1
    12 | D:1      | Found Xuomm's Jewellery Shoppe.
   133 | D:1      | Reached skill level 3 in Stealth
   133 | D:1      | Reached XP level 2. HP: 21/21 MP: 2/2
   558 | D:1      | Reached XP level 3. HP: 26/26 MP: 3/3
   883 | D:1      | Found a faded altar of an unknown god.
  1536 | D:2      | Reached XP level 4. HP: 19/31 MP: 4/4
  1832 | D:3      | Noticed Robin
  2310 | D:3      | Killed Robin
  2311 | D:3      | Reached skill level 4 in Stealth
  2652 | D:3      | Reached XP level 5. HP: 23/37 MP: 5/5
  2828 | D:3      | Noticed Natasha
  2835 | D:3      | Killed Natasha
  2869 | D:3      | Noticed Natasha
  2880 | D:3      | Killed Natasha
  3111 | D:3      | Noticed Sigmund
  3119 | D:3      | Killed Sigmund
  3120 | D:3      | Reached skill level 5 in Stealth
  3120 | D:3      | Reached XP level 6. HP: 19/44 MP: 6/6
  3420 | D:3      | Noticed Natasha
  3432 | D:3      | Killed Natasha
  3679 | D:4      | Reached XP level 7. HP: 26/49 MP: 7/7
  3927 | D:4      | Noticed Pikel
  3946 | D:4      | HP: 2/49 [Pikel (1)]
  3948 | D:4      | Slain by Pikel

Illustrated notes

Levels and vault maps discovered:
D:1:      scummos_arrival_hexagon, layout_loops_ring, serial_shops,
          shop_fountains, shapermc_ecumenical_altar_hornbeckon
D:2:      layout_basic
D:3:      layout_loops_ring, uniq_natasha, uniq_sigmund, uniq_robin
D:4:      layout_basic, gammafunk_ghost_nasty_kobolds, uniq_grinder, uniq_pikel

Skill      XL: |  1  2  3  4  5 |
---------------+----------------+-----
Stealth        | 3 4 5 |  5.7
Dodging        | 4 |  4.6
Fighting       | 4 |  4.6
Short Blades   | 4 |  4.6

Action                   |  1- 3 |  4- 6 |  7- 9 || total
-------------------------+-------+-------+-------++-------
Melee: Short sword       |    67 |    86 |    17 ||   170
       Constrict         |    12 |    21 |     2 ||    35
       Tentacles         |     8 |    21 |     1 ||    30
  Use: Scroll            |     1 |     2 |       ||     3
       Potion            |       |       |     2 ||     2
 Stab: Sleeping          |    18 |     6 |     1 ||    25
       Distracted        |       |       |     2 ||     2
Armor: Skin              |     3 |    10 |       ||    13
Dodge: Dodged            |    19 |    50 |     2 ||    71
